 Dungeon Crawl Stone Soup version 0.22-a0-271-gc000056 (webtiles) character file.

95 neds the Insei (level 4, 0/35 HPs)
             Began as a Draconian Transmuter on Mar 10, 2018.
             Succumbed to an adder's poison
             ... on level 3 of the Dungeon.
             The game lasted 00:08:52 (2358 turns).

neds the Insei (Draconian Transmuter)               Turns: 2358, Time: 00:08:52

Health: 0/35       AC:  5    Str: 12    XL:     4   Next: 39%
Magic:  8/8        EV: 12    Int: 13    God:
Gold:   143        SH:  0    Dex: 13    Spells: 6/9 levels left

rFire    . . .     SeeInvis .   d - +0 club
rCold    . . .     Gourm    .   (no shield)
rNeg     . . .     Faith    .   (armour unavailable)
rPois    .         Spirit   .   (helmet restricted)
rElec    .         Reflect  .   (no cloak)
rCorr    .         Harm     .   (no gloves)
MR       .....                  (no boots)
Stlth    +.........             (no amulet)
HPRegen  0.11/turn              (no ring)
MPRegen  0.11/turn              (no ring)

@: lethally poisoned (0 -> -9)
A: unfitting armour, cold-blooded, AC +5
a: no special abilities


You were on level 3 of the Dungeon.
You were not hungry.

You visited 1 branch of the dungeon, and saw 3 of its levels.

You collected 143 gold pieces.

Inventory:

Hand Weapons
 d - a +0 club (weapon)
 e - a +0 hunting sling
 o - a +1 dagger of speed
Missiles
 a - 30 arrows
 f - 64 stones (quivered)
 y - 9 poisoned needles
Armour
 m - a +1 pair of gloves
 t - a +0 robe
Jewellery
 v - an uncursed ring of fire {unknown}
Scrolls
 b - a scroll of immolation {unknown}
 i - 2 scrolls of remove curse {unknown}
 k - a scroll of teleportation {unknown}
 p - a scroll of noise {unknown}
 r - a scroll of blinking {unknown}
 s - a scroll of magic mapping {unknown}
 u - a scroll of fog {unknown}
Potions
 g - a potion of agility {unknown}
 h - a potion of flight {unknown}
 j - a potion of curing {unknown}
 l - a potion of heal wounds {unknown}
 n - a potion of might {unknown}
 w - a potion of haste {unknown}
 x - 2 potions of magic {unknown}
Comestibles
 c - 5 rations
 q - a chunk of flesh


   Skills:
 - Level 1.1 Fighting
 - Level 1.8 Dodging
 + Level 3.9 Unarmed Combat
 + Level 3.0 Spellcasting
 + Level 3.0 Transmutations


You had 6 spell levels left.
You knew the following spells:

 Your Spells              Type           Power        Failure   Level  Hunger
a - Beastly Appendage     Tmut           #.....       7%          1    #......
b - Sticks to Snakes      Tmut           #.......     10%         2    ###....


Dungeon Overview and Level Annotations

Branches:
Dungeon (3/15)

Altars:


Innate Abilities, Weirdness & Mutations

Your plain brown scales are hard. (AC +5)
You cannot fit into any form of body armour.
You are cold-blooded and may be slowed by cold attacks.


Message History

You feel sick. The jackal barely misses you.
The jackal bites you but does no damage.
The adder barely misses you.
The jackal bites you but does no damage.
The jackal barely misses you.
You closely miss the adder.
The adder is almost dead.
* * * LOW HITPOINT WARNING * * *
You feel sick. The jackal barely misses you. The adder misses you.
The jackal bites you but does no damage. x2
The adder bites you.
* * * LOW HITPOINT WARNING * * *
The jackal completely misses you.
You hit the adder.
You kill the adder!
Your Transmutations skill increases to level 3!
* * * LOW HITPOINT WARNING * * *
You feel sick. The jackal barely misses you. x2
The jackal bites you but does no damage. x2
You die...

#.. #.# # ####.#
.# ..#.####.#
#.#.##...
##.#.##.#
#....h.<#.#...
###..#.h.........
#.<..@#########.#
#.#..## .....
##.#.# # #. #. .
#


You could see 2 jackals.

Vanquished Creatures
  4 adders
  2 oozes
  3 dart slugs (D:1)
  5 bats
  A giant cockroach (D:2)
  5 goblins
  7 hobgoblins
  2 jackals (D:1)
  A quokka (D:2)
  2 ball pythons
  A frilled lizard (D:2)
  7 kobolds
  5 rats
45 creatures vanquished.

Notes
Turn   | Place    | Note
-------+----------+-------------------------------------------
     0 | D:1      | neds the Draconian Transmuter began the quest for the Orb.
     0 | D:1      | Reached XP level 1. HP: 16/16 MP: 3/3
   151 | D:1      | Reached XP level 2. HP: 6/23 MP: 5/5
   770 | D:1      | Reached XP level 3. HP: 22/28 MP: 6/6
  1707 | D:2      | Reached XP level 4. HP: 32/35 MP: 8/8
  2339 | D:2      | Learned a level 2 spell: Sticks to Snakes
  2357 | D:3      | HP: 1/35 [poisoned by an adder]
  2358 | D:3      | Succumbed to an adder's poison

Vault maps used:
D:1:      dpeg_arrival_short_road, minmay_misc_feat_alley,
          minmay_misc_feat_plants, kennysheep_minor_cross
D:2:      cheibrodos_old_hovel, first_ration
D:3:      kennysheep_the_goblin_king

Skill      XL: |  1  2  3  4 |
---------------+-------------+-----
Spellcasting   | 3 |  3.0
Transmutations | 3 |  3.0
Fighting       | |  1.1
Dodging        | |  1.8
Unarmed Combat | |  3.9

Action                   |  1- 3 |  4- 6 || total
-------------------------+-------+-------++-------
Melee: Club              |   143 |    52 ||   195
       Unarmed           |    10 |       ||    10
       Tailslap          |    14 |     5 ||    19
       Punch             |     1 |     2 ||     3
  Eat: Chunk             |     3 |     2 ||     5
Armor: Skin              |    73 |    32 ||   105
Dodge: Dodged            |   123 |    49 ||   172

Table legend:
 A = Spawn XP
 B = Non-spawn XP
 C = Spawn XP percentage of total XP
 D = Spawn monster count
 E = Non-spawn monster count
 F = Spawn count percentage of total count
 G = Total turns spent on level
                    A         B        C        D         E        F      G
               +---------+---------+-------+---------+---------+-------+---------
         Total |       0 |     136 |   0.0 |       0 |      45 |   0.0 |  2358
               +---------+---------+-------+---------+---------+-------+---------
           D:1 |       0 |      66 |   0.0 |       0 |      26 |   0.0 |  1331
           D:2 |       0 |      57 |   0.0 |       0 |      18 |   0.0 |  1009
           D:3 |       0 |      13 |   0.0 |       0 |       1 |   0.0 |    18
               +---------+---------+-------+---------+---------+-------+---------
